 Dungeon Crawl Stone Soup version 0.32-a0-468-g38b2580584 (webtiles) character file.

Game seed: 2446246456474516961

36 Ruich the Shooter (level 3, -4/27 HPs)
             Began as a Coglin Hexslinger on Feb 24, 2024.
             Slain by a ribbon worm (6 damage)
             ... on level 2 of the Dungeon.
             The game lasted 00:02:30 (759 turns).

Ruich the Shooter (Coglin Hexslinger)                Turns: 759, Time: 00:02:30

Health: -4/27      AC:  3    Str:  8    XL:     3   Next: 37%
Magic:  4/4        EV:  6    Int: 12    God:
Gold:   69         SH:  0    Dex: 18    Spells: 4/4 levels left

rFire   . . .        a - +1 sling {Bernhard}
rCold   . . .        m - +2 buckler
rNeg    . . .        l - +0 leather armour
rPois   .            (no helmet)
rElec   .            (no cloak)
rCorr   .            (no gloves)
SInv    .            (no boots)
Will    .....        (no amulet)
Stlth   +            (ring unavailable)
HPRegen 0.24/turn    (ring unavailable)
MPRegen 0.09/turn

%: no passive effects
@: mighty, brilliant, held, revving
A: off-hand wielding, slow wielding, warmup strikes, no rings
a: no special abilities


You were on level 2 of the Dungeon.
You visited 1 branch of the dungeon, and saw 2 of its levels.

You collected 69 gold pieces.


Innate Abilities, Weirdness & Mutations

You can wield a second weapon in your off-hand.
It takes a long time for you to wield or remove held weapons.
Your first few attacks do less damage.
Your grasper-arms cannot wear rings.


   Skills:
 + Level 1.7 Fighting
 * Level 2.7 Ranged Weapons
 + Level 2.2 Dodging
 - Level 1.0 Spellcasting
 - Level 2.6 Hexes
 - Level 0.8 Fire Magic


You had 4 spell levels left.
You didn't know any spells.
Your spell library contained the following spells:

 Spells                   Type           Power      Damage    Failure   Level
 Jinxbite                 Hex            20%        N/A       34%         2
 Sigil of Binding         Hex            10%        N/A       56%         3
 Inner Flame              Hex/Fire       7%         N/A       71%         3
 Cause Fear               Hex            5%         N/A       93%         4
 Dimensional Bullseye     Hex/Tloc       2%         N/A       99%         4
 Sculpt Simulacrum        Ice/Alch       0%         N/A       100%        6
 Ozocubu's Refrigeration  Ice            0%         4d7       100%        7
 Polar Vortex             Ice            0%         N/A       100%        9

Inventory:

Hand Weapons
 a - a +1 sling (weapon) {Bernhard}
Missiles
 j - 2 poisoned darts
Armour
 c - a +0 robe
 l - a +0 leather armour (worn)
 m - a +2 buckler (worn)
Scrolls
 b - a scroll of poison
 d - 2 scrolls of identify {unknown}
 e - a scroll of teleportation {unknown}
 k - a scroll of revelation {unknown}
 o - a scroll of butterflies {unknown}
Potions
 g - a potion of berserk rage {unknown}
 p - a potion of mutation {unknown}
 q - a potion of cancellation {unknown}

Dungeon Overview and Level Annotations

Branches:
Dungeon (2/15)

Altars:

Annotations:
D:2 1 runed translucent door, Crazy Yiuf

.................
.........#####.....
.............†....#
..######..........+
..######.######...####
................§.#..
.........######§..#.#
...#.##..######§§§#.#.###.
..............'§@w§.......
..###################.###.
..# ..##♣♣♣♣♣ ......♣.♣♣♣
### .....♣.♣..♣#...#
......♣♣♣♣.+...# .....♣♣
♣♣#..)# ..##♣♣ ###


You could see a ribbon worm.


Message History

You struggle to detach yourself from the web.
The ribbon worm bites you.
* * * LOW HITPOINT WARNING * * *
Unknown command.
You struggle to detach yourself from the web.
The ribbon worm bites you.
* * * LOW HITPOINT WARNING * * *
The web tears apart.
The ribbon worm expels a string of sticky webbing.
The stream of webbing misses you.
The ribbon worm attacks as it pursues you!
The ribbon worm bites you!
* * * LOW HITPOINT WARNING * * *
Unknown command.
As you read the scroll labelled CUJUTZ IDEI, it crumbles to dust.
You hear a loud clanging noise!
It was a scroll of noise.
You hear a loud squeak.
You hear a shout!
As you read the scroll labelled MEPLO MUASS, it dissolves into smoke.
It was a scroll of fog.
The ribbon worm bites you but does no damage.
It was a potion of brilliance.
You feel clever all of a sudden.
The ribbon worm expels a string of sticky webbing.
You are caught in a web!
Unknown command.
It was a potion of might.
You feel very mighty all of a sudden. The ribbon worm bites you.
You die...

Skill      XL: |  1 |
---------------+----+-----
Ranged Weapons | 2 |  2.7
Dodging        | 2 |  2.2
Fighting       | |  1.7
Spellcasting   | |  1.0
Hexes          | |  2.6
Fire Magic     | |  0.8

Action                     || total
---------------------------++-------
   Fire: Sling             ||    75
    Use: Scroll            ||     2
         Potion            ||     2
 Armour: Robe              ||     6
         Leather armour    ||    14
  Dodge: Dodged            ||    20
  Block: Buckler           ||     6

Levels and vault maps discovered:
D:1:      elethiomel_arrival_shortcut, layout_rooms
D:2:      layout_basic, chequers_serial_rivers_micro_a, reono_crystal_passage,
          uniq_crazy_yiuf_cottage

Notes
Turn   | Place    | Note
-------+----------+-------------------------------------------
     0 | D:1      | Ruich the Coglin Hexslinger began the quest for the Orb.
     0 | D:1      | Reached XP level 1. HP: 15/15 MP: 2/2
   150 | D:1      | Reached skill level 2 in Ranged Weapons
   153 | D:1      | Reached skill level 2 in Dodging
   153 | D:1      | Reached XP level 2. HP: 16/21 MP: 3/3
   590 | D:2      | Reached XP level 3. HP: 26/26 MP: 4/4
   624 | D:2      | Found a runed translucent door.
   625 | D:2      | Noticed Crazy Yiuf
   755 | D:2      | HP: 2/27 [ribbon worm (8)]
   759 | D:2      | Slain by a ribbon worm

Vanquished Creatures
  An adder (D:2)
  A bat (D:2)
  2 giant cockroaches
  3 goblins
  2 hobgoblins (D:1)
  2 kobolds (D:1)
  3 quokkas (D:1)
  8 ball pythons
  2 frilled lizards
  2 rats
26 creatures vanquished.

Table legend: (Time is in decaauts)
 A = Elapsed time spent in this place.
 B = Non-inter-level travel time spent in this place.
 C = Inter-level travel time spent in this place.
 D = Time resting spent in this place.
 E = Time spent auto-exploring this place.
 F = Levels seen in this place.
 G = Mean time per level.
                   A        B        C        D        E       F      G
               +--------+--------+--------+--------+--------+-----+--------+
         Total |    786 |    728 |     58 |     47 |    467 |   2 |  393.0 |
       Dungeon |    786 |    728 |     58 |     47 |    467 |   2 |  393.0 |
               +--------+--------+--------+--------+--------+-----+--------+

Top non-repeatable levels by time:
     D:1: 541 daAuts
     D:2: 244 daAuts

Table legend:
 A = Non-vault XP
 B = Vault XP
 C = Vault XP percentage of total XP
 D = Non-vault monster count
 E = Vault monster count
 F = Vault count percentage of total count
                 A         B        C        D         E       F
            +---------+---------+-------+---------+---------+-------
      Total |      52 |       0 |   0.0 |      26 |       0 |   0.0
            +---------+---------+-------+---------+---------+-------
        D:1 |      27 |       0 |   0.0 |      17 |       0 |   0.0
        D:2 |      25 |       0 |   0.0 |       9 |       0 |   0.0
            +---------+---------+-------+---------+---------+-------
